 Dungeon Crawl Stone Soup version 0.30-a0-715-gdb4ae3ece1 (webtiles) character file.

Game seed: 4371085705364144455

116 Newt the Trooper (level 4, -1/37 HPs)
             Began as a Demonspawn Gladiator on Jan 23, 2023.
             Killed from afar by Ijyb (19 damage)
             ... with a bolt of acid
             ... on level 3 of the Dungeon.
             The game lasted 00:02:53 (2091 turns).

Newt the Trooper (Demonspawn Gladiator)             Turns: 2091, Time: 00:02:54

Health: -1/37      AC:  2    Str: 16    XL:     4   Next: 70%
Magic:  4/4        EV: 12    Int:  9    God:
Gold:   110        SH:  0    Dex: 15    Spells: 3/3 levels left

rFire   + . .      SeeInvis .    o - +2 dagger (vamp)
rCold   . . .      Faith    .    (no shield)
rNeg    . . .      Spirit   .    b - +0 leather armour
rPois   .          Reflect  .    n - +2 helmet
rElec   .          Harm     .    (no cloak)
rCorr   .          Rampage  .    (no gloves)
Will    .....                    (no boots)
Stlth   ++                       (no amulet)
HPRegen 0.26/turn                g - ring of protection from fire
MPRegen 0.09/turn                (no ring)

@: corroded
A: demonic guardian 1, powered by pain 2
a: no special abilities


You were on level 3 of the Dungeon.
You visited 1 branch of the dungeon, and saw 3 of its levels.

You collected 110 gold pieces.

Inventory:

Hand Weapons
 a - a +0 rapier
 o - a +2 vampiric dagger (weapon)
Missiles
 j - 4 poisoned darts (quivered)
Armour
 b - a +0 leather armour (worn)
 c - a +0 helmet
 n - a +2 helmet (worn)
Jewellery
 g - a ring of protection from fire (left hand)
Wands
 i - a wand of flame (30)
Scrolls
 f - a scroll of noise
 q - a scroll of teleportation
Potions
 d - 2 potions of ambrosia
 k - a potion of flight
 l - a potion of degeneration {unknown}
 m - 2 potions of magic {unknown}
 p - a potion of brilliance {unknown}
 r - a potion of lignification {unknown}


   Skills:
 - Level 4.0 Fighting
 - Level 2.6 Short Blades
 + Level 2.4 Throwing
 - Level 2.6 Dodging
 - Level 2.0 Stealth


You had 3 spell levels left.
You didn't know any spells.
Your spell library was empty.

Dungeon Overview and Level Annotations

Branches:
Dungeon (3/15)

Altars:

Annotations:
D:3 Ijyb


Innate Abilities, Weirdness & Mutations

A weak demonic guardian rushes to your aid.
You sometimes gain power by taking damage.


Message History

Ijyb zaps a wand.
The bolt of acid hits you! The acid corrodes you!
You closely miss Ijyb.
Ijyb is lightly wounded.
Ijyb hits you with a +0 club.
Throw: javelin
Press: ? - help, Shift-Dir - straight line, f - Ijyb
Aim: Ijyb, wielding a +0 club, wearing a +0 leather armour and carrying a wand of acid (7) (lightly wounded, 55% to hit)
You throw a javelin. The javelin completely misses Ijyb.
The javelin pierces through the ball python.
The ball python is heavily wounded.
The javelin pierces through the ball python.
You kill the ball python!
Ijyb hits you with a +0 club.
A demonic guardian appears!
Throw: 8 darts (poison)
Press: ? - help, Shift-Dir - straight line, f/p - Ijyb
Aim: Ijyb, wielding a +0 club, wearing a +0 leather armour and carrying a wand of acid (7) (lightly wounded, ally target, 55% to hit)
You throw a poisoned dart. The poisoned dart barely misses Ijyb.
The poisoned dart hits the ball python.
The ball python is poisoned.
The ball python is heavily wounded.
Ijyb completely misses you.
Throw: 7 darts (poison)
Press: ? - help, Shift-Dir - straight line, f/p - Ijyb
Aim: Ijyb, wielding a +0 club, wearing a +0 leather armour and carrying a wand of acid (7) (lightly wounded, ally target, 55% to hit)
You throw a poisoned dart. The poisoned dart misses Ijyb.
The poisoned dart barely misses the ball python.
Throw: 6 darts (poison)
Press: ? - help, Shift-Dir - straight line, f/p - Ijyb
Aim: Ijyb, wielding a +0 club, wearing a +0 leather armour and carrying a wand of acid (7) (lightly wounded, ally target, 55% to hit)
You throw a poisoned dart. The poisoned dart closely misses Ijyb.
The poisoned dart barely misses the ball python.
Ijyb hits you with a +0 club.
Throw: 5 darts (poison)
Press: ? - help, Shift-Dir - straight line, f/p - Ijyb
Aim: Ijyb, wielding a +0 club, wearing a +0 leather armour and carrying a wand of acid (7) (lightly wounded, ally target, 55% to hit)
You throw a poisoned dart. The poisoned dart hits Ijyb.
Ijyb is lightly wounded.
Ijyb zaps a wand.
The bolt of acid hits you!!
Ouch! That really hurt!
You die...

############
#..........#
#..........#
#..........# ##
#######..........######.
(....Sg@.........'....'.
...####5.........######.
#..........# #.
#...)......# #.
#..........######.
#.........÷.......
##########........
#..÷..... #..†.)...


You could see Ijyb (ally target), a ball python (poisoned) and a friendly iron
imp (summoned).

Vanquished Creatures
  Robin (D:2)
  A gnoll (D:1)
  An adder (D:3)
  2 worms (D:2)
  A dart slug (D:1)
  6 endoplasms
  A giant cockroach (D:3)
  8 goblins
  12 hobgoblins
  10 jackals
  2 quokkas
  2 ball pythons
  7 bats
  6 frilled lizards
  4 kobolds (D:1)
  5 rats
69 creatures vanquished.

Vanquished Creatures (collateral kills)
  4 goblins (D:2)
4 creatures vanquished.

Grand Total: 73 creatures vanquished

Notes
Turn   | Place    | Note
-------+----------+-------------------------------------------
     0 | D:1      | Newt the Demonspawn Gladiator began the quest for the Orb.
     0 | D:1      | Reached XP level 1. HP: 16/16 MP: 1/1
    51 | D:1      | Reached skill level 1 in Stealth
    70 | D:1      | Gained mutation: You sometimes gain a little power by
                  | taking damage. [demonic ancestry]
    70 | D:1      | Reached XP level 2. HP: 12/22 MP: 2/2
   276 | D:1      | HP: 1/23 [gnoll/+0 club (6)]
   282 | D:1      | Gained mutation: A weak demonic guardian rushes to your
                  | aid. [demonic ancestry]
   282 | D:1      | Reached XP level 3. HP: 3/28 MP: 3/3
   407 | D:1      | Reached skill level 3 in Fighting
  1181 | D:2      | Gained mutation: You sometimes gain power by taking damage.
                  | [demonic ancestry]
  1181 | D:2      | Reached XP level 4. HP: 33/37 MP: 4/4
  1184 | D:2      | Noticed Robin
  1191 | D:2      | Killed Robin
  1201 | D:2      | Reached skill level 4 in Fighting
  2081 | D:3      | Noticed Ijyb
  2091 | D:3      | Killed from afar by Ijyb

Illustrated notes

Levels and vault maps discovered:
D:1:      mainiacjoe_arrival_reflecting_pool, layout_basic, minmay_ruptured
D:2:      layout_basic, uniq_robin
D:3:      layout_basic, grunt_temple_overflow_holy_war,
          dreamdust_ecumenical_altar_angels_and_demons, minmay_ogre_servants,
          uniq_ijyb, uniq_grinder

Skill      XL: |  1  2  3  4 |
---------------+-------------+-----
Stealth        | 1 2 |  2.0
Fighting       | 3 4 |  4.0
Throwing       | 2 |  2.4
Short Blades   | |  2.6
Dodging        | |  2.6

Action                     |  1- 3 |  4- 6 || total
---------------------------+-------+-------++-------
  Melee: Rapier            |   150 |    13 ||   163
         Punch             |     2 |       ||     2
         Dagger            |       |    63 ||    63
  Throw: Throwing net      |     3 |       ||     3
         Javelin           |     3 |     1 ||     4
         Dart              |       |     7 ||     7
    Use: Potion            |     1 |       ||     1
         Scroll            |     3 |     3 ||     6
   Stab: Sleeping          |     1 |     2 ||     3
         Distracted        |     1 |       ||     1
 Armour: Leather armour    |    62 |    40 ||   102
  Dodge: Dodged            |   101 |    54 ||   155

Table legend: (Time is in decaauts)
 A = Elapsed time spent in this place.
 B = Non-inter-level travel time spent in this place.
 C = Inter-level travel time spent in this place.
 D = Time resting spent in this place.
 E = Time spent auto-exploring this place.
 F = Levels seen in this place.
 G = Mean time per level.
                   A        B        C        D        E       F      G
               +--------+--------+--------+--------+--------+-----+--------+
         Total |   2094 |   2049 |     45 |    100 |   1508 |   3 |  698.0 |
       Dungeon |   2094 |   2049 |     45 |    100 |   1508 |   3 |  698.0 |
               +--------+--------+--------+--------+--------+-----+--------+

Top non-repeatable levels by time:
     D:1: 1040 daAuts
     D:2: 795 daAuts
     D:3: 257 daAuts
